 Seeded DCSS version 0.30-a0-860-g512cf1e979 (webtiles) character file.

Game seed: 8796237800415217726 (custom seed)

76 BigDaddyOpFi the Digger (level 4, -5/24 HPs)
             Began as a Meteoran Earth Elementalist on Mar 7, 2023.
             Killed by nerve-wracking pain
             ... invoked by an orc priest
              (14 damage)
             ... on level 4 of the Dungeon.
             The game lasted 00:02:46 (1699 turns).

BigDaddyOpFi the Digger (MeEE)                      Turns: 1699, Time: 00:02:47

Health: -5/24      AC:  2    Str: 10    XL:     4   Next: 87%
Magic:  10/10      EV: 13    Int: 18    God:
Gold:   850        SH:  0    Dex: 14    Spells: 5/9 levels left

rFire   . . .      SeeInvis .    g - staff of earth
rCold   . . .      Faith    .    (no shield)
rNeg    . . .      Spirit   .    a - +0 robe
rPois   .          Reflect  .    (no helmet)
rElec   .          Rampage  .    (no cloak)
rCorr   .                        (no gloves)
Will    .....                    (no boots)
Stlth   +                        (no amulet)
HPRegen 0.24/turn                (no ring)
MPRegen 0.12/turn                (no ring)

@: lethally poisoned (-5 -> -12), glowing
A: sense surroundings 1, otherworldly, glowing, explore regen
a: no special abilities


You were on level 4 of the Dungeon.
You visited 1 branch of the dungeon, and saw 4 of its levels.

You collected 850 gold pieces.

Inventory:

Hand Weapons
 s - the +4 hand axe "Fumm" {freeze, *Rage Dex+4}
   (You found it on level 2 of the Dungeon)

   Dex:       It affects your dexterity (+4).
   *Rage:     It berserks you when you make melee attacks (+20% chance).
Armour
 a - a +0 robe (worn)
Magical Staves
 g - a staff of earth (weapon)
Jewellery
 k - an amulet of regeneration
Wands
 t - a wand of paralysis (10)
Scrolls
 f - a scroll of teleportation {unknown}
 h - 2 scrolls of noise {unknown}
 m - a scroll of magic mapping {unknown}
 n - a scroll of immolation {unknown}
 o - a scroll of torment {unknown}
 p - a scroll of vulnerability {unknown}
 r - 2 scrolls of identify {unknown}
 u - a scroll of enchant weapon {unknown}
 v - a scroll of enchant armour {unknown}
 w - 2 scrolls of poison {unknown}
Potions
 b - 2 potions of magic
 c - a potion of curing
 d - 2 potions of attraction {unknown}
 e - 2 potions of berserk rage {unknown}
 i - a potion of mutation {unknown}
 j - a potion of lignification {unknown}
 l - a potion of invisibility {unknown}
 q - 3 potions of brilliance {unknown}


   Skills:
 + Level 3.2 Dodging
 + Level 2.0 Stealth
 + Level 3.4 Spellcasting
 + Level 1.3 Conjurations
 - Level 1.6 Transmutations
 + Level 4.2 Earth Magic


You had 5 spell levels left.
You knew the following spells:

 Your Spells              Type           Power      Damage    Failure   Level
a - Sandblast             Erth           54%        2d13      2%          1
b - Stone Arrow           Conj/Erth      38%        3d9       16%         3

Your spell library contained the following spells:

 Spells                   Type           Power      Damage    Failure   Level
 Passwall                 Tmut/Erth      16%        N/A       7%          2
 Dazzling Flash           Conj/Hex       10%        N/A       34%         3
 Spider Form              Tmut/Pois      5%         N/A       34%         3
 Petrify                  Tmut/Erth      20%        N/A       43%         4
 Iskenderun's Mystic Bla  Conj/Tloc      5%         2d3       75%         4
 Sticky Flame             Conj/Fire      5%         2d3       75%         4
 Lehudib's Crystal Spear  Conj/Erth      9%         10d4      100%        8


Dungeon Overview and Level Annotations

Branches:
Dungeon (4/15) Zot: 876
 Temple: D:4-7

Altars:

Shops:
D:1 :


Innate Abilities, Weirdness & Mutations

You passively map a small area around you.
You are easily found by Zot.
You glow in the dark.
You regain HP and MP as you explore.


Message History

Aiming: Sandblast (safe; 2% risk of failure)
Press: ? - help, Q - select action, (/) - cycle Shift-Dir - straight line, f - orc
Aim: an orc, wielding a +0 whip (83% to hit)
You feel a surge of power!
The blast of sand hits the orc!!
You kill the orc!
The giant cockroach bites you. The giant cockroach closely misses you.
Aiming: Sandblast (safe; 2% risk of failure)
Press: ? - help, Q - select action, (/) - cycle Shift-Dir - straight line, f - giant cockroach
Aim: a giant cockroach (83% to hit)
You feel a surge of power!
The blast of sand hits the giant cockroach!
You kill the giant cockroach!
Aiming: Sandblast (safe; 2% risk of failure)
Press: ? - help, Q - select action, (/) - cycle Shift-Dir - straight line, f - you That would be overly suicidal.
Okay, then.
You start waiting.
Magic restored.
You start waiting.
HP restored.
Things that are here:
a +0 dagger; a goblin corpse
There is a stone staircase leading down here.
You see here a +0 whip.
You climb downwards.
The adder bites you but does no damage. The jelly barely misses you.
The orc priest looks encouraged for a moment.
The orc hits you but does no damage. The adder barely misses you.
The adder bites you. The jelly hits you.
You are splashed with acid!
The orc closely misses you. The adder misses you.
There is a stone staircase leading up here.
The adder bites you.
You are poisoned.
The adder poisons you! The adder bites you.
You are more poisoned.
The adder poisons you! The jelly hits you but does no damage.
The orc priest invokes the aid of Beogh against you.
Pain shoots through your body!
Ouch! That really hurt!
You die...

, , * *
.......... , ,
#........# ,*
.........# ,
,*##........#
, ,..........
,#. #..o.o....
*
#...#S......#
, * , *#.S@J.#
, * , ,
#....o..# * ,
.......?...# ,
...........# ,
,
.............
, ,, ,
..........####
, ...#.......
, ............
, , , * *


You could see a jelly, an orc priest, an orc wizard, 2 adders and an orc.

Vanquished Creatures
  3 gnolls (D:2)
  An adder (D:2)
  A worm (D:2)
  An orc (D:3)
  5 endoplasms
  2 giant cockroaches
  3 hobgoblins
  A quokka (D:3)
  3 ball pythons
  4 bats
  4 goblins
  2 kobolds
  4 rats
34 creatures vanquished.

Notes
Turn   | Place    | Note
-------+----------+-------------------------------------------
     0 | D:1      | BigDaddyOpFi the Meteoran Earth Elementalist began the
                  | quest for the Orb.
     0 | D:1      | Reached XP level 1. HP: 14/14 MP: 5/5
    62 | D:1      | Found Veoliky's Book Emporium.
    75 | D:1      | Identified 3 scrolls of acquirement
    75 | D:1      | Acquired the Tome of Conjuring and the Black Widow
    77 | D:1      | Acquired a staff of earth
    79 | D:1      | Acquired 654 gold pieces
   256 | D:1      | Reached XP level 2. HP: 20/20 MP: 3/6
   492 | D:1      | Glimpsed the power of Zot.
   514 | D:2      | Reached XP level 3. HP: 26/26 MP: 5/8
   631 | D:2      | Found a faded altar of an unknown god.
   641 | D:2      | Reached skill level 4 in Earth Magic
   641 | D:2      | Reached XP level 4. HP: 28/33 MP: 6/9
   643 | D:2      | Reached skill level 1 in Conjurations
   922 | D:2      | Identified the +4 hand axe "Fumm" {freeze, *Rage Dex+4}
  1083 | D:2      | Glimpsed the power of Zot.
  1133 | D:2      | Glimpsed the power of Zot.
  1173 | D:2      | Glimpsed the power of Zot.
  1183 | D:2      | Touched by the power of Zot.
  1342 | D:3      | Learned a level 3 spell: Stone Arrow
  1699 | D:4      | Killed from afar by an orc priest

Illustrated notes

Levels and vault maps discovered:
D:1:      heliophobic_arrival_henge, layout_rooms, serial_shops, shop_statue
D:2:      layout_basic, serial_shops, nicolae_lakefront_shop,
          ebering_ecumenical_altar_ruins
D:3:      layout_basic
D:4:      layout_rooms, kennysheep_generic_room_4

Skill      XL: |  1  2  3  4 |
---------------+-------------+-----
Spellcasting   | 3 |  3.4
Dodging        | 3 |  3.2
Earth Magic    | 4 |  4.2
Conjurations   | 1 |  1.3
Stealth        | 2 |  2.0
Transmutations | |  1.6

Action                     |  1- 3 |  4- 6 || total
---------------------------+-------+-------++-------
  Melee: Staff             |     3 |     4 ||     7
         Unarmed           |     2 |       ||     2
   Cast: Sandblast         |    27 |    16 ||    43
    Use: Scroll            |     3 |       ||     3
         Potion            |       |     1 ||     1
 Armour: Robe              |     2 |    10 ||    12
  Dodge: Dodged            |    12 |    15 ||    27

Table legend: (Time is in decaauts)
 A = Elapsed time spent in this place.
 B = Non-inter-level travel time spent in this place.
 C = Inter-level travel time spent in this place.
 D = Time resting spent in this place.
 E = Time spent auto-exploring this place.
 F = Levels seen in this place.
 G = Mean time per level.
                   A        B        C        D        E       F      G
               +--------+--------+--------+--------+--------+-----+--------+
         Total |   1722 |   1565 |    157 |    187 |   1150 |   4 |  430.5 |
       Dungeon |   1722 |   1565 |    157 |    187 |   1150 |   4 |  430.5 |
               +--------+--------+--------+--------+--------+-----+--------+

Top non-repeatable levels by time:
     D:2: 769 daAuts
     D:1: 519 daAuts
     D:3: 426 daAuts
     D:4: 7 daAuts
